 Dungeon Crawl Stone Soup version 0.31.0-2-g5a2aebc5c2 (webtiles) character file.

Game seed: 11706640111234975855

123 Arctor the Shooter (level 5, 0/30 HPs)
             Began as a Kobold Hexslinger on Jan 20, 2024.
             Slain by a goblin
             ... wielding a +0 club
              (6 damage)
             ... on level 2 of the Dungeon.
             The game lasted 00:01:27 (1739 turns).

Arctor the Shooter (Kobold Hexslinger)              Turns: 1739, Time: 00:01:29

Health: 0/30       AC:  3    Str:  5    XL:     5   Next: 28%
Magic:  2/8        EV: 17    Int: 14    God:
Gold:   113        SH:  0    Dex: 26    Spells: 6/8 levels left

rFire   . . .        a - +1 sling
rCold   . . .        (no shield)
rNeg    . . .        c - +0 robe
rPois   .            (no helmet)
rElec   .            (no cloak)
rCorr   .            (no gloves)
SInv    .            h - +0 pair of boots
Will    .....        g - amulet of faith
Stlth   +++          f - +6 ring of dexterity
HPRegen 0.25/turn    (no ring)
MPRegen 0.11/turn

%: faith
@: weak-willed, jinxed
A: small, no large weapons, nightstalker 3
a: no special abilities


You were on level 2 of the Dungeon.
You visited 1 branch of the dungeon, and saw 2 of its levels.

You collected 113 gold pieces.

Inventory:

Hand Weapons
 a - a +1 sling (weapon)
Armour
 c - a +0 robe (worn)
 h - a +0 pair of boots (worn)
Jewellery
 f - a +6 ring of dexterity (left hand)
 g - an amulet of faith (around neck)
Scrolls
 b - 2 scrolls of poison
Potions
 d - a potion of magic {unknown}
 e - 2 potions of attraction {unknown}
 i - 2 potions of heal wounds {unknown}


   Skills:
 + Level 2.1 Fighting
 + Level 3.7 Ranged Weapons
 + Level 3.3 Dodging
 + Level 2.1 Spellcasting
 + Level 3.5 Hexes
 + Level 2.0 Fire Magic


You had 6 spell levels left.
You knew the following spells:

 Your Spells              Type           Power      Damage    Failure   Level
a - Jinxbite              Hex            22%        N/A       9%          2

Your spell library contained the following spells:

 Spells                   Type           Power      Damage    Failure   Level
 Sigil of Binding         Hex            11%        N/A       17%         3
 Inner Flame              Hex/Fire       9%         N/A       22%         3
 Cause Fear               Hex            5%         N/A       50%         4
 Dimensional Bullseye     Hex/Tloc       3%         N/A       75%         4


Dungeon Overview and Level Annotations

Branches:
Dungeon (2/15)

Altars:


Innate Abilities, Weirdness & Mutations

You are small and have problems with some larger weapons.
You are completely attuned to the shadows.


Message History

The goblin barely misses you. Robin closely misses you.
The goblin hits you with a +0 club.
You shoot a sling bullet. The sling bullet hits Robin.
Robin is severely wounded.
A giggling sprite leaps out and smacks Robin with their own hand.
Robin is almost dead.
The goblin no longer looks unusually strong.
The goblin completely misses you. Robin misses you.
The goblin barely misses you.
Robin roars a battlecry!
The goblins go into a battle-frenzy!
The goblin hits you with a +0 club. The goblin hits you but does no damage.
You shoot a sling bullet. The sling bullet hits Robin.
You kill Robin!
The goblin barely misses you. The goblin hits you with a +0 club.
You shoot a sling bullet.
The sling bullet barely misses the goblin.
The goblin hits you but does no damage. The goblin closely misses you.
The goblin hits you with a +0 club.
* * * LOW HITPOINT WARNING * * *
You shoot a sling bullet. The sling bullet hits the goblin!
You kill the goblin!
The jinxing sprites lose interest in you.
The goblin closely misses you. x2
Casting: Jinxbite (safe; 9% risk of failure)
Confirm with . or Enter, or press ? or * to list all spells.
You beckon some vexing sprites to accompany your attacks.
You feel your willpower being sapped. The goblin barely misses you. x2
You shoot a sling bullet. The sling bullet hits the goblin.
The goblin is moderately wounded.
A giggling sprite leaps out and smacks the goblin with its own hand.
You kill the goblin!
You shoot a sling bullet. The sling bullet hits the goblin!
You kill the goblin!
You hear a shout!
A goblin comes into view. It is wielding a +0 club.
The goblin hits you with a +0 club.
* * * LOW HITPOINT WARNING * * *
The goblin hits you with a +0 club.
You die...

#.#### ##..†## ###.## #.####
##.....## ##..... #.##.##
##....†..## ##.....#
#)#...####.........####...#..#
#........'.........'..........
#.#...####.........####....#.#
#.##.## ##.......## ##.....#
#.#### ##)....## ##..... #.#
##@g.## ##.### #.# ####g####
#.# #.# #gg)g...# #.# #.#
#gg####.# #.# ####.#### ...g
#.## #.# #.......# ##g.
#..#######.# #.##.##.# #..
#..........# #.##.##.###
#..######### #.##......# #..#


You could see 3 goblins.

Vanquished Creatures
  Robin (D:2)
  6 adders (D:2)
  2 dart slugs
  5 ball pythons
  5 endoplasms
  2 giant cockroaches
  4 hobgoblins
  4 jackals (D:1)
  2 kobolds
  3 quokkas
  A bat (D:1)
  A frilled lizard (D:2)
  12 goblins
  4 rats
52 creatures vanquished.

Notes
Turn   | Place    | Note
-------+----------+-------------------------------------------
     0 | D:1      | Arctor the Kobold Hexslinger began the quest for the Orb.
     0 | D:1      | Reached XP level 1. HP: 12/12 MP: 2/2
    25 | D:1      | Reached XP level 2. HP: 16/16 MP: 3/3
   246 | D:1      | Reached XP level 3. HP: 17/20 MP: 5/5
   249 | D:1      | Learned a level 2 spell: Jinxbite
   915 | D:2      | Reached XP level 4. HP: 26/26 MP: 3/6
  1542 | D:2      | Reached XP level 5. HP: 22/30 MP: 7/7
  1714 | D:2      | Noticed Robin
  1734 | D:2      | Killed Robin
  1739 | D:2      | Slain by a goblin

Illustrated notes

Levels and vault maps discovered:
D:1:      enne_arrival_octagon_isle, layout_rooms
D:2:      layout_loops_corners, grunt_decor_clamped, kennysheep_generic_room_5,
          uniq_robin, uniq_jessica

Skill      XL: |  1  2  3  4  5 |
---------------+----------------+-----
Ranged Weapons | 3 |  3.7
Dodging        | 3 |  3.3
Fighting       | 2 |  2.1
Spellcasting   | 2 |  2.1
Fire Magic     | 2 |  2.0
Hexes          | |  3.5

Action                     |  1- 3 |  4- 6 || total
---------------------------+-------+-------++-------
   Fire: Sling             |    71 |    50 ||   121
   Cast: Jinxbite          |     1 |     9 ||    10
 Armour: Robe              |    26 |    23 ||    49
  Dodge: Dodged            |    38 |    43 ||    81
